cohdb
Replays
Latest Replays
All Replays
Popular Replays
Top Player Replays
Match Explorer
How It Works
Community
CoH3 Stats
Reddit
Sign in to upload your games and track your stats! →
Sign in with Steam
Match 43013695
Unlisted
Match 43013695
Overview
Messages
Build Orders
End
Panzergrenadier Squad
Kradschützen Motorcycle Team
Panzerpioneer Squad
Panzergrenadier Squad
Selects Battlefield Espionage Battlegroup
Construct Light Support Kompanie
Panzerjäger Squad
Fire Support Elements
Assault Mechanized Group
Selects 250/3 Funkpanzerwagen
Veteran Squad Leaders
Panzergrenadier Squad
Selects Advanced Ambush Training
Panzerjäger Mechanized Group
250/3 Funkpanzerwagen
Construct Panzerarmee Kommand
Selects Intel Disruption Beacon
Selects Sector Subterfuge Beacon
Selects Plunder
Selects Disruption Operation
Disruption Operation
250/3 Funkpanzerwagen
Armored Reserves
Disruption Operation
Tiger Heavy Tank
Selects Operation Skorpion
Panzerpioneer Squad
Disruption Operation
Panzergrenadier Squad
Rapid Advance
Panzer IV Assault Group
Tungsten Core Ammunition
Disruption Operation
Panzerpioneer Squad
Vehicle Survival Package
KuruKuru
.
饴果子
Calm
tp_di_di_long
kidrobot2008
꿀뜨개Honeydipper
WEI
0
0
Comments
sign in to comment!
No comments posted yet!